 Dungeon Crawl Stone Soup version 0.31-a0-188-g5e087ee2ca (webtiles) character file.

Game seed: 6673956455256490114

90 qw the Shooter (level 4, -4/25 HPs)
             Began as a Deep Elf Hunter on June 23, 2023.
             Slain by Sigmund
             ... wielding a +1 antimagic scythe
              (8 damage)
             ... on level 2 of the Dungeon.
             The game lasted 00:00:29 (1157 turns).

qw the Shooter (Deep Elf Hunter)                    Turns: 1157, Time: 00:00:30

Health: -4/25      AC:  4    Str: 10    XL:     4   Next: 32%
Magic:  0/6        EV: 12    Int: 14    God:
Gold:   51         SH:  0    Dex: 18    Spells: 3/3 levels left

rFire   . . .        Y - +0 shortbow
rCold   . . .        (shield currently unavailable)
rNeg    . . .        c - +0 leather armour
rPois   .            (no helmet)
rElec   .            (no cloak)
rCorr   .            (no gloves)
SInv    .            d - +0 pair of boots
Will    .....        e - amulet of guardian spirit
Stlth   ++           (no ring)
HPRegen 0.24/turn    (no ring)
MPRegen 0.10/turn

%: guardian spirit
@: no status effects
A: no striking features
a: no special abilities


You were on level 2 of the Dungeon.
You visited 1 branch of the dungeon, and saw 2 of its levels.

You collected 51 gold pieces.


   Skills:
 - Level 1.5 Fighting
 + Level 7.7 Ranged Weapons
 - Level 2.4 Dodging
 - Level 1.2 Stealth


You had 3 spell levels left.
You didn't know any spells.
Your spell library was empty.

Inventory:

Hand Weapons
 Y - a +0 shortbow (weapon)
Armour
 a - a +0 ring mail
 c - a +0 leather armour (worn)
 d - a +0 pair of boots (worn)
Jewellery
 e - an amulet of guardian spirit (around neck)
Scrolls
 f - a scroll of brand weapon {unknown}
 g - a scroll of poison {unknown}
 h - 2 scrolls of fear {unknown}
 i - 2 scrolls of identify
Potions
 b - a potion of degeneration {unknown}

Dungeon Overview and Level Annotations

Branches:
Dungeon (2/15)

Altars:

Annotations:
D:2 Sigmund


Message History

You shoot an arrow. The arrow barely misses Sigmund.
Sigmund barely misses you.
You shoot an arrow. The arrow barely misses Sigmund.
You shoot an arrow. The arrow hits Sigmund!
Sigmund is moderately wounded.
Sigmund hits you from afar with a +1 antimagic scythe!
You feel your power leaking away.
You shoot an arrow. The arrow hits Sigmund.
Sigmund is heavily wounded.
Sigmund closely misses you.
You shoot an arrow. The arrow closely misses Sigmund.
You shoot an arrow. The arrow hits Sigmund.
Sigmund is heavily wounded.
Sigmund hits you from afar with a +1 antimagic scythe.
You feel your power leaking away.
You shoot an arrow. The arrow closely misses Sigmund.
Sigmund misses you.
You shoot an arrow. The arrow closely misses Sigmund.
Sigmund closely misses you.
You shoot an arrow. The arrow hits Sigmund.
Sigmund is heavily wounded.
You shoot an arrow. The arrow hits Sigmund!
Sigmund is almost dead.
Sigmund hits you from afar with a +1 antimagic scythe.
Enter note:
Enter note:
Enter note:
Enter note:
Enter note:
Enter note:
Enter note:
Enter note:
Enter note:
1156 ||| UPGRADING to +0 ring mail.
Sigmund casts a spell at you.
You stop removing your armour.
The magic dart hits you.
1157 ||| UPGRADING to +0 ring mail.
Sigmund hits you from afar with a +1 antimagic scythe!
You stop removing your armour.
You die...

###...###.#######.
###...### #..<......
#...### #.###....#
###...#####.# #....#
###...##..# #....#
##...#### ##.#.#
###...## ##.#.#
###...####.####..#.#
#..@### #....%.##..
##...@.....####.....
##############.#.#.
#...#..## #.###...#
#.# #...# #.# ##..#
#.# #... #.####...


You could see Sigmund.

Vanquished Creatures
  6 adders (D:2)
  2 dart slugs (D:1)
  2 ball pythons (D:2)
  2 endoplasms (D:1)
  A giant cockroach (D:2)
  3 goblins
  4 hobgoblins
  2 quokkas (D:1)
  3 bats (D:2)
  4 frilled lizards
  3 kobolds (D:1)
  3 rats (D:1)
35 creatures vanquished.

Notes
Turn   | Place    | Note
-------+----------+-------------------------------------------
     0 | D:1      | qw the Deep Elf Hunter began the quest for the Orb.
     0 | D:1      | Reached XP level 1. HP: 12/12 MP: 3/3
     0 | D:1      | 0 ||| qw: Version: 0.3-a-9-g12657ce
     0 | D:1      | 0 ||| qw: Game counter: 4147
     0 | D:1      | 0 ||| qw: Always use a shield: true
     0 | D:1      | 0 ||| qw: God list: Okawaru
     0 | D:1      | 0 ||| qw: Allow faded altars: false
     0 | D:1      | 0 ||| qw: Do Orc after D:15 true
     0 | D:1      | 0 ||| qw: Do second Lair branch before Depths: true
     0 | D:1      | 0 ||| qw: Lair rune preference: random
     0 | D:1      | 0 ||| qw: Plans: Normal
     0 | D:1      | 0 ||| PLANNING D:1-11
   168 | D:1      | 168 ||| UPGRADING to +0 pair of boots.
   245 | D:1      | Reached skill level 6 in Ranged Weapons
   245 | D:1      | Reached XP level 2. HP: 16/16 MP: 4/4
   670 | D:1      | 670 ||| UPGRADING to amulet of guardian spirit.
   675 | D:1      | 675 ||| READING scroll labelled IRGHEC QOUBLI.
   702 | D:1      | 702 ||| READING scroll labelled INACWE LUSY.
   703 | D:1      | 703 ||| READING scroll labelled KETUGOSORR.
   704 | D:1      | 704 ||| READING 2 scrolls labelled MAPHEH PUCOLYSM.
   705 | D:1      | 705 ||| DROPPING scroll of butterflies.
   820 | D:2      | Reached XP level 3. HP: 20/20 MP: 5/5
   859 | D:2      | Reached skill level 7 in Ranged Weapons
   956 | D:2      | Reached XP level 4. HP: 25/25 MP: 6/6
  1143 | D:2      | Noticed Sigmund
  1156 | D:2      | 1156 ||| UPGRADING to +0 ring mail.
  1156 | D:2      | HP: 4/25 [Sigmund/magic dart (6)]
  1157 | D:2      | 1157 ||| UPGRADING to +0 ring mail.
  1157 | D:2      | Slain by Sigmund

Levels and vault maps discovered:
D:1:      elethiomel_arrival_quiet, layout_rooms, serial_aquarium,
          aquarium_bridge_long_separate [aquarium_subvault_window,
          aquarium_subvault_bridge, aquarium_subvault_wall,
          aquarium_subvault_window, aquarium_subvault_bridge,
          aquarium_subvault_bridge], aquarium_bridge_square
          [aquarium_subvault_bridge, aquarium_subvault_window,
          aquarium_subvault_bridge, aquarium_subvault_wall],
          aquarium_window_fake, aquarium_window_1, aquarium_window_corner,
          aquarium_view_2b, aquarium_view_2a, aquarium_balcony_1a,
          minmay_ruptured
D:2:      layout_rooms, serial_curves, eino_curves_01, eino_curves_03,
          eino_curves_04, uniq_sigmund

Skill      XL: |  1  2  3 |
---------------+----------+-----
Ranged Weapons | 6 7 |  7.7
Fighting       | |  1.5
Dodging        | |  2.4
Stealth        | |  1.2

Action                     |  1- 3 |  4- 6 || total
---------------------------+-------+-------++-------
   Fire: Shortbow          |    75 |    44 ||   119
    Use: Scroll            |     4 |       ||     4
 Armour: Leather armour    |     3 |     5 ||     8
  Dodge: Dodged            |    10 |    16 ||    26

Table legend:
 A = Non-vault XP
 B = Vault XP
 C = Vault XP percentage of total XP
 D = Non-vault monster count
 E = Vault monster count
 F = Vault count percentage of total count
                 A         B        C        D         E       F
            +---------+---------+-------+---------+---------+-------
      Total |     122 |       7 |   5.4 |      32 |       3 |   8.6
            +---------+---------+-------+---------+---------+-------
        D:1 |      24 |       7 |  22.6 |      15 |       3 |  16.7
        D:2 |      98 |       0 |   0.0 |      17 |       0 |   0.0
            +---------+---------+-------+---------+---------+-------
